 Dungeon Crawl Stone Soup version 0.31.0 (webtiles) character file.

Game seed: 11776142707300559359

164 qw the Shooter (level 5, -5/32 HPs)
             Began as a Gargoyle Hunter on Jan 20, 2024.
             Incinerated by a bombardier beetle (7 damage)
             ... with a burning spray
             ... on level 3 of the Dungeon.
             The game lasted 00:00:08 (1631 turns).

qw the Shooter (Gargoyle Hunter)                    Turns: 1631, Time: 00:00:09

Health: -5/32      AC:  9    Str: 15    XL:     5   Next: 45%
Magic:  5/5        EV: 16    Int:  9    God:
Gold:   104        SH:  0    Dex: 15    Spells: 4/4 levels left

rFire   . . .        a - +0 shortbow
rCold   . . .        (shield currently unavailable)
rNeg    + . .        b - +0 ring mail
rPois   inf          (no helmet)
rElec   +            (no cloak)
rCorr   .            (no gloves)
SInv    .            (no boots)
Will    .....        (no amulet)
Stlth   +            i - +5 ring of evasion
HPRegen 0.25/turn    (no ring)
MPRegen 0.09/turn

%: no passive effects
@: on fire, glowing
A: sickness immunity, AC +4, negative energy resistance 1, electricity
resistance, torment resistance 1, petrification resistance
a: no special abilities


You were on level 3 of the Dungeon.
You visited 1 branch of the dungeon, and saw 3 of its levels.

You collected 104 gold pieces.


Innate Abilities, Weirdness & Mutations

You are immune to sickness and miasma.
Your stone body is resilient. (AC +4)
You are immune to poison.
You resist negative energy. (rN+)
You are resistant to electric shocks. (rElec)
You are resistant to unholy torment.
You are immune to petrification.


   Skills:
 - Level 3.5 Fighting
 + Level 5.8 Ranged Weapons
 - Level 1.2 Armour
 - Level 1.5 Dodging
 - Level 1.1 Stealth


You had 4 spell levels left.
You didn't know any spells.
Your spell library was empty.

Inventory:

Hand Weapons
 a - a +0 shortbow (weapon)
Armour
 b - a +0 ring mail (worn)
Jewellery
 i - a +5 ring of evasion (left hand)
Scrolls
 c - 2 scrolls of identify
Potions
 e - 3 potions of curing
 n - a potion of invisibility {unknown}

Dungeon Overview and Level Annotations

Branches:
Dungeon (3/15)

Altars:
Wu Jian

Annotations:
D:3 2 transporters


Message History

The bombardier beetle barely misses you.
The jackal misses you.
You shoot an arrow. The arrow hits the bombardier beetle!
The bombardier beetle is almost dead.
The jackal barely misses you. The bombardier beetle bites you.
The jackal misses you.
You shoot an arrow.
The arrow hits the bombardier beetle but does no damage.
The bombardier beetle is almost dead.
The jackal barely misses you.
The bombardier beetle sprays incendiary fluid at you.
The burning spray hits you.
You are covered in liquid fire!
You shoot an arrow.
The arrow hits the bombardier beetle but does no damage.
The bombardier beetle is almost dead.
The liquid fire burns you!
The jackal bites you but does no damage.
The jackal closely misses you.
You shoot an arrow.
The arrow barely misses the bombardier beetle.
The liquid fire burns you! The jackal closely misses you.
The bombardier beetle bites you but does no damage.
The jackal bites you but does no damage.
You shoot an arrow. The arrow hits the bombardier beetle!
You kill the bombardier beetle!
The liquid fire burns you!
The jackal bites you but does no damage.
The jackal closely misses you.
You shoot an arrow. The arrow barely misses the jackal.
The liquid fire burns you! The jackal misses you.
You shoot an arrow. The arrow hits the jackal.
The jackal is moderately wounded.
The liquid fire burns you! The jackal closely misses you. x2
You shoot an arrow. The arrow barely misses the jackal.
The liquid fire burns you!
You die...

#... ########### .#...##
#.........# .......
#.........#
..#....###.........#####
......................#
#....##...).....###.#
#....##.........# #.#
#..h@.#.........# #.#
#..%#...........###.#
#...##..........#...#
#... #.##########.#.#
##.. ... ######.###
#....... #.........
#........ #........~
..........#.7_..(.~~
...###.## #..)....~~


You could see a jackal.

Vanquished Creatures
  A bombardier beetle (D:3)
  An orc priest (D:2)
  3 adders (D:2)
  A dart slug (D:2)
  A ribbon worm (D:2)
  2 orcs (D:2)
  8 endoplasms
  4 giant cockroaches
  8 goblins
  4 hobgoblins
  2 jackals (D:3)
  2 kobolds
  3 quokkas
  6 ball pythons
  5 bats
  7 frilled lizards
  7 rats
65 creatures vanquished.

Notes
Turn   | Place    | Note
-------+----------+-------------------------------------------
     0 | D:1      | qw the Gargoyle Hunter began the quest for the Orb.
     0 | D:1      | Reached XP level 1. HP: 12/12 MP: 1/1
     0 | D:1      | 0 ||| qw: Version: 0.3-a-132-g3d54051
     0 | D:1      | 0 ||| qw: Game counter: 498
     0 | D:1      | 0 ||| qw: Melee chars always use a shield: true
     0 | D:1      | 0 ||| qw: God list: Okawaru
     0 | D:1      | 0 ||| qw: Allow faded altars: false
     0 | D:1      | 0 ||| qw: Do Orc after clearing Dungeon:15 true
     0 | D:1      | 0 ||| qw: Do second Lair branch before Depths: true
     0 | D:1      | 0 ||| qw: Lair rune preference: random
     0 | D:1      | 0 ||| qw: Goals: Normal
     0 | D:1      | 0 ||| PLANNING D:1-11
    60 | D:1      | HP: 2/12 [goblin/+0 club (3)]
    65 | D:1      | Reached XP level 2. HP: 4/17 MP: 2/2
   414 | D:1      | Reached XP level 3. HP: 21/21 MP: 3/3
   426 | D:1      | Reached skill level 5 in Ranged Weapons
   607 | D:1      | 607 ||| UPGRADING to +5 ring of evasion.
   608 | D:1      | 608 ||| READING scroll labelled XYR BIKLODOR.
   608 | D:1      | 608 ||| IDENTIFYING brown potion
   609 | D:1      | 609 ||| READING scroll labelled IFULIC VEMYEPN.
   613 | D:1      | 613 ||| READING scroll labelled NUSYHA ZOOMYFA.
   614 | D:1      | 614 ||| READING scroll labelled IGENOGHYQO.
   715 | D:1      | 715 ||| READING scroll labelled UMPIET GOKK.
   715 | D:1      | 715 ||| ENCHANTING +0 shortbow.
   716 | D:1      | 716 ||| READING scroll labelled NAANTAEDOE.
   717 | D:1      | 717 ||| READING scroll labelled BYUTAI LALA.
   718 | D:1      | 718 ||| DROPPING scroll of butterflies.
   765 | D:2      | Reached skill level 3 in Fighting
   765 | D:2      | Reached XP level 4. HP: 13/28 MP: 4/4
   765 | D:2      | 765 ||| FLEEEEING.
   770 | D:2      | 770 ||| FLEEEEING.
   774 | D:2      | 774 ||| STAIRDANCE
   827 | D:1      | 827 ||| READING scroll of identify.
   827 | D:1      | 827 ||| IDENTIFYING fizzy blue potion
   828 | D:1      | 828 ||| DROPPING potion of brilliance.
   901 | D:2      | 901 ||| FLEEEEING.
   902 | D:2      | 902 ||| FLEEEEING.
   903 | D:2      | 903 ||| STAIRDANCE
   913 | D:1      | 913 ||| UPGRADING to +0 ring mail.
   923 | D:1      | 923 ||| DROPPING +0 leather armour.
   926 | D:2      | 926 ||| STAIRDANCE
   989 | D:2      | Reached skill level 1 in Armour
  1057 | D:2      | Reached XP level 5. HP: 32/32 MP: 5/5
  1353 | D:2      | 1353 ||| READING scroll labelled MEDYONOZUO.
  1354 | D:2      | 1354 ||| FLEEEEING.
  1480 | D:3      | Found a transporter.
  1483 | D:3      | Found a transporter.
  1580 | D:3      | Found an ornate altar of the Wu Jian Council.
  1629 | D:3      | HP: 8/32 [burnt (5)]
  1630 | D:3      | HP: 2/32 [burnt (6)]
  1631 | D:3      | Incinerated by a bombardier beetle

Levels and vault maps discovered:
D:1:      ebering_hopf_link, layout_rooms, dreamdust_princess_bridge,
          minmay_heptomino_d4
D:2:      cheibrodos_pilgrimage, layout_rooms
D:3:      gammafunk_steamed_eel, layout_basic, nzn_wu_jian_contemplation,
          uniq_grinder

Skill      XL: |  1  2  3  4 |
---------------+-------------+-----
Ranged Weapons | 5 |  5.8
Fighting       | 3 |  3.5
Armour         | 1 |  1.2
Dodging        | |  1.5
Stealth        | |  1.1

Action                     |  1- 3 |  4- 6 || total
---------------------------+-------+-------++-------
   Fire: Shortbow          |   105 |   110 ||   215
    Use: Scroll            |     7 |     2 ||     9
 Armour: Leather armour    |    38 |       ||    38
         Ring mail         |       |    31 ||    31
  Dodge: Dodged            |    39 |    60 ||    99

Table legend:
 A = Non-vault XP
 B = Vault XP
 C = Vault XP percentage of total XP
 D = Non-vault monster count
 E = Vault monster count
 F = Vault count percentage of total count
                 A         B        C        D         E       F
            +---------+---------+-------+---------+---------+-------
      Total |     180 |      55 |  23.4 |      59 |       6 |   9.2
            +---------+---------+-------+---------+---------+-------
        D:1 |      43 |       5 |  10.4 |      28 |       3 |   9.7
        D:2 |      81 |      50 |  38.2 |      25 |       3 |  10.7
        D:3 |      56 |       0 |   0.0 |       6 |       0 |   0.0
            +---------+---------+-------+---------+---------+-------
